 Dungeon Crawl Stone Soup version 0.30-a0-341-g682706514a (webtiles) character file.

Game seed: 11567860406404135937

344 kae the Firebug (level 6, 0/32 HPs)
             Began as a Tengu Fire Elementalist on Nov 4, 2022.
             Slain by an orc wizard
             ... wielding a +0 dagger
              (1 damage)
             ... on level 4 of the Dungeon.
             The game lasted 00:02:48 (4464 turns).

kae the Firebug (Tengu Fire Elementalist)           Turns: 4464, Time: 00:02:49

Health: 0/32       AC:  2    Str:  8    XL:     6   Next: 58%
Magic:  6/11       EV: 14    Int: 17    God:
Gold:   135        SH:  0    Dex: 15    Spells: 5/11 levels left

rFire   + . .      SeeInvis .    (no weapon)
rCold   x . .      Faith    .    (no shield)
rNeg    . . .      Spirit   .    a - +0 robe
rPois   .          Reflect  .    (helmet restricted)
rElec   .          Harm     .    (no cloak)
rCorr   .          Rampage  .    (no gloves)
Will    .....                    (boots unavailable)
Stlth   ++........               (no amulet)
HPRegen 0.25/turn                F - ring of fire
MPRegen 0.12/turn                (no ring)

@: flying quickly and evasively, quick
A: beak, talons 3, nimble flight
a: no special abilities


You were on level 4 of the Dungeon.
You visited 1 branch of the dungeon, and saw 4 of its levels.

You collected 135 gold pieces.


Innate Abilities, Weirdness & Mutations

You have a beak for a mouth.
You have claws for feet.
Your magical nature lets you fly swiftly and evasively.


   Skills:
 - Level 2.1 Dodging
 - Level 2.0 Stealth
 + Level 3.1 Spellcasting
 * Level 5.2 Conjurations
 + Level 1.1 Hexes
 * Level 5.4 Fire Magic


You had 5 spell levels left.
You knew the following spells:

 Your Spells              Type           Power      Damage    Failure   Level
a - Foxfire               Conj/Fire      100%       2x1d9     1%          1
b - Scorch                Fire           62%        2d8       2%          2
c - Inner Flame           Hex/Fire       20%        N/A       14%         3

Your spell library contained the following spells:

 Spells                   Type           Power      Damage    Failure   Level
 Flame Wave               Conj/Fire      31%        2d9       19%         4
 Ignite Poison            Fire/Tmut/Pois 13%        N/A       26%         3
 Kindle Blastsparks       Fire/Tloc/Air  26%        2d12      26%         3
 Freezing Cloud           Conj/Ice/Air   4%         6-21      93%         5

Inventory:

Missiles
 d - 48 stones
 q - 9 poisoned darts
Armour
 a - a +0 robe (worn)
Jewellery
 F - a ring of fire (left hand)
   (You found it on level 1 of the Dungeon)
 N - a ring of positive energy
   (You found it on level 3 of the Dungeon)
 R - a ring of resist corrosion
   (You found it on level 2 of the Dungeon)
Wands
 n - a wand of quicksilver (7)
   (You found it on level 3 of the Dungeon)
Scrolls
 f - a scroll of teleportation {@r4}
 i - a scroll of noise {!r}
Potions
 b - a potion of magic
 g - 2 potions of might
 h - 2 potions of attraction {!q}
 j - 3 potions of haste {@q3}
 l - a potion of lignification {unknown}
 o - 4 potions of curing {@q1}
 p - a potion of mutation {unknown}

Dungeon Overview and Level Annotations

Branches:
Dungeon (4/15) Zot: 19602
 Temple: D:4-7

Altars:

Annotations:
D:3 Grinder, Terence

##### ###...###
###....og.#########
###......@o..........
###.........###.###....
##.........†## ..# .
#........)..# 8.g8
#........)..#......
##.....###.##...>...
#########.###8..8#..
#†.# ##..##... #.##


You could see 2 orcs and a hobgoblin.


Message History

You lost 1 mp, and now have 2/11 mp.
Casting: Foxfire (safe; 1% risk of failure)
Confirm with . or Enter, or press ? or * to list all spells.
You feel a surge of power!
You conjure some foxfire!
The foxfire hits the orc but does no damage.
The orc barely misses you.
The foxfire hits the orc!
You kill the orc! 😎 MP[-1]
You lost 1 mp, and now have 1/11 mp.
Casting: Foxfire (safe; 1% risk of failure)
Confirm with . or Enter, or press ? or * to list all spells.
You feel a surge of power!
You conjure some foxfire!
The orc hits you with a +0 club.
The foxfire hits the orc.
You kill the orc! 😕 HP[-4] MP[-1]
You take 4 damage, and now have 28/32 hp.
You lost 1 mp, and now have 0/11 mp.
Unknown command.
Things that are here:
a +0 short sword; an orc corpse; 😕 HP[+1] 😕 MP[+1]
You see here a worm corpse.
Okay, then.
Okay, then. 😕 HP[+1]
A hobgoblin and an orc wizard come into view.
The orc wizard shouts!
An orc comes into view.
It is wielding a +0 mace, wearing a +2 scale mail of willpower and carrying a wand of roots (5).
The orc wizard moves out of view.
The orc wizard mumbles some strange words.
The orc wizard flickers and vanishes!
Deactivating autopickup; reactivate with Ctrl-A.
The hobgoblin shouts!
The orc zaps a wand.
The roots erupt in riotous growth!
The orc is unaffected.
The grasping roots grab you!
The grasping roots constrict you. 😕 HP[-5]
You take 5 damage, and now have 25/32 hp.
Magic courses through your body. The orc misses you.
The grasping roots constrict you. 😮 HP[-2] MP[+10]
You take 2 damage, and now have 23/32 hp.
Your mp is fully restored (11).
You escape the roots grasp.
Casting: Foxfire (safe; 1% risk of failure)
Confirm with . or Enter, or press ? or * to list all spells.
You feel a surge of power!
You conjure some foxfire!
The orc barely misses you.
The foxfire hits the hobgoblin.
The orc zaps a wand.
The roots erupt in riotous growth!
The orc is unaffected.
Your foxfire is unaffected.
The grasping roots grab you!
The hobgoblin is unaffected.
The grasping roots constrict you.
The foxfire hits the orc.
The grasping roots constrict you.
Casting: Foxfire (safe; 1% risk of failure)
Confirm with . or Enter, or press ? or * to list all spells.
You feel a surge of power!
You conjure some foxfire!
The orc hits you with a +0 club.
* * * LOW HITPOINT WARNING * * *
The grasping roots constrict you.
* * * LOW HITPOINT WARNING * * *
The hobgoblin hits you but does no damage.
The foxfire hits something.
The grasping roots release their grip on you.
The foxfire hits something.
The hobgoblin closely misses you. The orc misses you. 😨 HP[-9] MP[-1]
You take 9 damage, and now have 14/32 hp.
MASSIVE DAMAGE!! (PAUSE)
You lost 1 mp, and now have 10/11 mp.
Casting: Foxfire (safe; 1% risk of failure)
Confirm with . or Enter, or press ? or * to list all spells.
You feel a surge of power!
Flames lash something.
The orc misses you. The hobgoblin misses you. The orc misses you.
The hobgoblin closely misses you. Something hits you.
* * * LOW HITPOINT WARNING * * *
😨 MP[-2]
You lost 2 mp, and now have 8/11 mp.
Unknown command.
Casting: Scorch (safe; 2% risk of failure)
Confirm with . or Enter, or press ? or * to list all spells.
You feel a surge of power!
Flames lash the orc.
The orc's fire resistance burns away.
The orc misses you. The hobgoblin hits you.
* * * LOW HITPOINT WARNING * * *
The orc hits you but does no damage.
You hear some strange, mumbled words.
Something tries to affect you, but you resist.
The orc closely misses you. The hobgoblin hits you.
* * * LOW HITPOINT WARNING * * *
The orc hits you with a +0 mace.
* * * LOW HITPOINT WARNING * * *
Something hits you.
You die...

Skill      XL: |  1  2  3  4  5  6 |
---------------+-------------------+-----
Conjurations   | 2 3 4 5 |  5.2
Fire Magic     | 4 5 |  5.4
Spellcasting   | 3 |  3.1
Hexes          | 1 |  1.1
Dodging        | |  2.1
Stealth        | |  2.0

Action                   |  1- 3 |  4- 6 || total
-------------------------+-------+-------++-------
Melee: Unarmed           |     5 |       ||     5
       Kick              |     1 |       ||     1
 Cast: Foxfire           |    58 |    66 ||   124
       Scorch            |    13 |    10 ||    23
  Use: Scroll            |       |     8 ||     8
       Potion            |       |     1 ||     1
Armor: Robe              |     1 |     3 ||     4
Dodge: Dodged            |    16 |    21 ||    37

Levels and vault maps discovered:
D:1:      dpeg_arrival_rooms_with_view, layout_loops_ring, minmay_statues_item,
          chequers_serial_rivers_room_b
D:2:      minmay_door_path, layout_loops_ring, kennysheep_generic_room_13,
          uniq_sigmund, uniq_natasha
D:3:      layout_basic, chequers_serial_rivers_large_a, kennysheep_potato,
          uniq_terence, uniq_grinder
D:4:      layout_cave_pods, minitemple, mainiacjoe_overflow_large_starburst,
          minmay_temple_entry_drinking_statues, enter_ossuary_5, st_stairs_6

Notes
Turn   | Place    | Note
-------+----------+-------------------------------------------
     0 | D:1      | kae the Tengu Fire Elementalist began the quest for the
                  | Orb.
     0 | D:1      | Reached XP level 1. HP: 10/10 MP: 4/4
     0 | D:1      | magus.rc [v1.11.3]
   113 | D:1      | Reached skill level 2 in Conjurations
   113 | D:1      | Reached XP level 2. HP: 14/15 MP: 1/6
   369 | D:1      | Learned a level 2 spell: Scorch
   707 | D:1      | You add the spells Ignite Poison and Freezing Cloud to your
                  | library.
   889 | D:2      | Reached XP level 3. HP: 9/19 MP: 2/7
  1130 | D:2      | Noticed Sigmund
  1159 | D:2      | Reached skill level 4 in Fire Magic
  1310 | D:2      | Reached skill level 3 in Conjurations
  1459 | D:2      | Reached XP level 4. HP: 24/24 MP: 1/8
  1923 | D:2      | Noticed Natasha
  2211 | D:3      | Learned a level 3 spell: Inner Flame
  2418 | D:3      | Noticed Terence
  2494 | D:3      | Noticed Grinder
  3232 | D:2      | Killed Sigmund
  3233 | D:2      | Reached skill level 4 in Conjurations
  3233 | D:2      | Reached skill level 5 in Fire Magic
  3233 | D:2      | Gained mutation: Your magical nature lets you fly swiftly
                  | and evasively. [Tengu growth]
  3233 | D:2      | Reached XP level 5. HP: 28/28 MP: 3/10
  3233 | D:2      | Reached XP level 6. HP: 32/32 MP: 3/11
  3349 | D:2      | Killed Natasha
  3350 | D:2      | Reached skill level 3 in Spellcasting
  3350 | D:2      | Reached skill level 1 in Hexes
  3521 | D:2      | Noticed Natasha
  3527 | D:2      | Killed Natasha
  3528 | D:2      | Reached skill level 5 in Conjurations
  3896 | D:2      | Noticed Natasha
  3901 | D:2      | Killed Natasha
  4464 | D:4      | HP: 6/32 [hobgoblin (4)]
  4464 | D:4      | HP: 1/32 [orc/+0 mace (5)]
  4464 | D:4      | Slain by an orc wizard

Vanquished Creatures
  Sigmund (D:2)
  Natasha (thrice) (D:2)
  4 adders
  3 worms
  A dart slug (D:2)
  2 orcs (D:4)
  5 ball pythons
  7 endoplasms
  3 giant cockroaches
  6 goblins
  5 hobgoblins
  6 kobolds
  2 quokkas
  6 bats
  A frilled lizard (D:2)
  5 rats
60 creatures vanquished.

Vanquished Creatures (others)
  195 foxfires
195 creatures vanquished.

Grand Total: 255 creatures vanquished

Table legend:
 A = Non-vault XP
 B = Vault XP
 C = Vault XP percentage of total XP
 D = Non-vault monster count
 E = Vault monster count
 F = Vault count percentage of total count
                 A         B        C        D         E       F
            +---------+---------+-------+---------+---------+-------
      Total |     193 |     299 |  60.8 |      47 |      13 |  21.7
            +---------+---------+-------+---------+---------+-------
        D:1 |      25 |       4 |  13.8 |      15 |       2 |  11.8
        D:2 |     122 |     289 |  70.3 |      15 |       7 |  31.8
        D:3 |      17 |       4 |  19.0 |      10 |       3 |  23.1
        D:4 |      29 |       2 |   6.5 |       7 |       1 |  12.5
            +---------+---------+-------+---------+---------+-------

Illustrated notes

Table legend:
 A = Kills in this place as a percentage of kills in entire the game.
 B = Kills by you in this place as a percentage of kills by you in the entire game.
 C = Kills by friends in this place as a percentage of kills by friends in the entire game.
 D = Other kills in this place as a percentage of other kills in the entire game.
 E = Experience gained in this place as a percentage of experience gained in the entire game.
 F = Experience gained in this place divided by the number of levels of this place that you have seen.
                   A       B       C       D       E      F
               +-------+-------+-------+-------+-------+----------------------
         Total | 100.0 | 100.0 |   N/A |   N/A | 100.0 | 123.0
       Dungeon | 100.0 | 100.0 |   N/A |   N/A | 100.0 | 123.0
               +-------+-------+-------+-------+-------+----------------------

Table legend: (Time is in decaauts)
 A = Elapsed time spent in this place.
 B = Non-inter-level travel time spent in this place.
 C = Inter-level travel time spent in this place.
 D = Time resting spent in this place.
 E = Time spent auto-exploring this place.
 F = Levels seen in this place.
 G = Mean time per level.
                   A        B        C        D        E       F      G
               +--------+--------+--------+--------+--------+-----+--------+
         Total |   4396 |   4186 |    210 |    257 |   3422 |   4 | 1099.0 |
       Dungeon |   4396 |   4186 |    210 |    257 |   3422 |   4 | 1099.0 |
               +--------+--------+--------+--------+--------+-----+--------+

Top non-repeatable levels by time:
     D:2: 2203 daAuts
     D:3: 1222 daAuts
     D:1: 882 daAuts
     D:4: 88 daAuts
